 Dungeon Crawl Stone Soup version 0.31-a0-664-g902f515a81 (webtiles) character file.

Game seed: 6154346989597773791

1234 greenreed the Ruffian (level 8, -2/70 HPs)
             Began as a Grey Draconian Shapeshifter on Sept 2, 2023.
             Was a Follower of Qazlal.
             Killed from afar by Maggie (24 damage)
             ... with a bolt of fire
             ... on level 6 of the Dungeon.
             The game lasted 00:07:40 (4916 turns).

greenreed the Ruffian (Grey Draconian Shapeshifter) Turns: 4916, Time: 00:07:41

Health: -2/70      AC: 11    Str: 20    XL:     8   Next: 24%
Magic:  8/8        EV: 12    Int: 10    God:    Qazlal [*.....]
Gold:   382        SH:  2    Dex: 10    Spells: 7/7 levels left

rFire   . .          .
                       - Unarmed
rCold   . . .        (no shield)
rNeg    . . .        (body armour unavailable)
rPois   .            (helmet currently unavailable)
rElec   .            (cloak currently unavailable)
rCorr   .            (gloves currently unavailable)
SInv    .            (boots currently unavailable)
Will    .....        (no amulet)
Stlth   +            (no ring)
HPRegen 0.31/turn    (no ring)
MPRegen 0.11/turn

%: no passive effects
@: beast-form, attractive, mesmerised
A: beast (slay +2), AC +11, amphibious, unfitting armour, cold-blooded, antennae
1
a: Begin Untransformation, Renounce Religion


You were on level 6 of the Dungeon.
You worshipped Qazlal.
Qazlal was aware of your devotion.
You were a hulking beast.
You visited 1 branch of the dungeon, and saw 6 of its levels.

You collected 382 gold pieces.

Inventory:

Armour
 a - an orb of light
Magical Staves
 l - a staff of cold
Talismans
 b - a beast talisman (active)
 c - a flux talisman
Scrolls
 e - 4 scrolls of identify {unknown}
 g - a scroll of silence {unknown}
 h - a scroll of poison {unknown}
 k - a scroll of blinking {unknown}
 n - a scroll of enchant weapon {unknown}
 q - a scroll of vulnerability {unknown}
 s - 2 scrolls of amnesia {unknown}
 t - a scroll of fear {unknown}
Potions
 d - a potion of enlightenment {unknown}
 f - a potion of brilliance {unknown}
 j - a potion of mutation
 o - a potion of ambrosia {unknown}
 p - a potion of heal wounds
 u - 2 potions of magic {unknown}


   Skills:
 * Level 6.3 Fighting
 + Level 3.9 Dodging
 * Level 6.6 Unarmed Combat
 + Level 4.6 Shapeshifting


You had 7 spell levels left.
You didn't know any spells.
Your spell library contained the following spells:

 Spells                   Type           Power      Damage    Failure   Level
 Poisonous Vapours        Pois/Air       0%         N/A       50%         2
 Mephitic Cloud           Conj/Pois/Air  0%         N/A       75%         3
 Freezing Cloud           Conj/Ice/Air   0%         6-21      100%        5


Dungeon Overview and Level Annotations

Branches:
Dungeon (6/15)             Temple (0/1) D:5

Altars:
Elyvilon
Hepliaklqana
Kikubaaqudgha
Makhleb
Qazlal
Wu Jian
Xom

Annotations:
D:6 Maggie


Innate Abilities, Weirdness & Mutations

You are a hulking beast.
Your limbs bulge with bestial killing power. (Slay +2)
Your dull iron-grey scales are very hard. (AC +11)
You are amphibious.
You cannot fit into any form of body armour.
You are cold-blooded and may be slowed by cold attacks.
You have a pair of small antennae on your head.


Message History

You writhe in agony.
It was a potion of berserk rage.
You are too mesmerised to rage.
Maggie hits you but does no damage.
You writhe in agony.
You barely miss Maggie. Maggie barely misses you.
You barely miss Maggie. You tail-slap Maggie.
Maggie is lightly wounded.
Maggie hits you with a +2 halberd of pain.
You hit Maggie.
Maggie is lightly wounded.
Maggie hits you with a +2 halberd of pain!
You barely miss Maggie.
Maggie is lightly wounded.
Maggie hits you with a +2 halberd of pain!
You writhe in agony.
You punch Maggie!
Maggie is moderately wounded.
Maggie hits you with a +2 halberd of pain!
You writhe in agony.
You are too injured to fight recklessly!
You are too injured to fight recklessly!
You are too injured to fight recklessly!
You hit Maggie.
Maggie is moderately wounded.
You barely miss Maggie.
Your tail-slap misses Maggie.
Maggie is moderately wounded.
Maggie barely misses you.
You hit Maggie. You tail-slap Maggie.
Maggie is heavily wounded.
Maggie mumbles some strange words.
Maggie draws you further into her thrall.
You punch Maggie!
Maggie is severely wounded.
Maggie gives herself a magical halo, but it quickly sputters out.
Maggie casts a spell at you. The bolt of fire hits you!
You closely miss Maggie.
Maggie is severely wounded.
Maggie gestures at you while chanting. The bolt of fire hits you!!
You die...

....
#.##...######.....#..
(.. #####.##...#
#........#.. ..#
#...<......#
#........... .<#
#.###..#####
#........... ....#
##...# #...........
..#.# ###.###
#.......#... ..#.# ###
#...# ####.#...... ### .
.....####.# #.##..... #.
......)h@.# ###.####.##
..
....##########..†##.....
## . #.......##.....
#.#####.##.....
#............
#.#.....##### #.....#
#....<# #######


You could see Maggie (mesmerising).

Vanquished Creatures
  2 water moccasins
  2 ogres
  2 phantoms
  Blork the orc (D:6)
  4 scorpions (D:5)
  3 hounds
  An orc priest (D:5)
  A sleepcap (D:6)
  2 iguanas
  11 adders
  A white imp (D:6)
  A worm (D:4)
  A dart slug (D:1)
  13 orcs
  13 bats
  8 endoplasms
  3 giant cockroaches
  6 goblins
  4 hobgoblins
  15 jackals
  5 quokkas
  A ball python (D:4)
  3 frilled lizards
  4 kobolds
  4 rats
111 creatures vanquished.

Notes
Turn   | Place    | Note
-------+----------+-------------------------------------------
     0 | D:1      | greenreed the Draconian Shapeshifter began the quest for
                  | the Orb.
     0 | D:1      | Reached XP level 1. HP: 16/16 MP: 1/1
   290 | D:1      | Found a faded altar of an unknown god.
   302 | D:1      | Reached XP level 2. HP: 23/23 MP: 2/2
  1034 | D:2      | Reached XP level 3. HP: 27/29 MP: 3/3
  1070 | D:2      | Noticed a phantom
  1080 | D:2      | Killed a phantom
  1081 | D:2      | Reached XP level 4. HP: 25/37 MP: 4/4
  2040 | D:3      | Noticed a water moccasin
  2054 | D:3      | Killed a water moccasin
  2055 | D:3      | Reached XP level 5. HP: 23/46 MP: 5/5
  2252 | D:3      | Found a stormy altar of Qazlal.
  2292 | D:3      | Found an ancient bone altar of Kikubaaqudgha.
  2335 | D:3      | Became a worshipper of Qazlal Stormbringer
  2707 | D:4      | Reached XP level 6. HP: 52/52 MP: 6/6
  3215 | D:4      | Noticed a water moccasin
  3227 | D:4      | Killed a water moccasin
  3228 | D:4      | Reached skill level 5 in Unarmed Combat
  3577 | D:4      | Your scales start taking on a dull iron-grey colour.
  3577 | D:4      | Reached XP level 7. HP: 58/60 MP: 7/7
  3753 | D:5      | Entered Level 5 of the Dungeon
  3803 | D:5      | Found a white marble altar of Elyvilon.
  3959 | D:5      | Found a burning altar of Makhleb.
  4025 | D:5      | Identified the +2 robe of Dawn {Contam rPois rC++}
  4127 | D:5      | Found a hazy altar of Hepliaklqana.
  4132 | D:5      | Reached skill level 5 in Fighting
  4181 | D:5      | Reached * piety under Qazlal
  4208 | D:5      | Found a shimmering altar of Xom.
  4287 | D:5      | Found an ornate altar of the Wu Jian Council.
  4516 | D:5      | Reached XP level 8. HP: 60/70 MP: 8/8
  4684 | D:5      | Found a staircase to the Ecumenical Temple.
  4756 | D:6      | Noticed Maggie
  4829 | D:6      | Noticed Blork the orc
  4837 | D:6      | Killed Blork the orc
  4904 | D:6      | Gained mutation: You have a pair of small antennae on your
                  | head. [potion of mutation]
  4916 | D:6      | Killed from afar by Maggie

Illustrated notes

Levels and vault maps discovered:
D:1:      psy_arrival_fountain, layout_basic,
          shapermc_ecumenical_altar_starsandcircs
D:2:      layout_loops_cross, solitary_fountain
D:3:      layout_basic, lemuel_crystal_altar, nicolae_overflow_crystal_walls
D:4:      layout_basic
D:5:      old_forge, layout_loops_ring, lemuel_round_altar,
          nicolae_wu_jian_immortal_techniques, mainiacjoe_overflow_paths,
          amcnicky_altar_gilded, mainiacjoe_overflow_cross_hatched,
          chequers_serial_rivers_marsh, minmay_statues_item
D:6:      layout_basic, mainiacjoe_overflow_brackets, serial_shops, shop,
          uniq_blork_the_orc, uniq_jeremiah, uniq_maggie

Skill      XL: |  1  2  3  4  5  6  7  8 |
---------------+-------------------------+-----
Dodging        | 2 3 |  3.9
Fighting       | 2 3 4 5 6 |  6.3
Unarmed Combat | 4 5 6 |  6.6
Shapeshifting  | 4 |  4.6

Action                     |  1- 3 |  4- 6 |  7- 9 || total
---------------------------+-------+-------+-------++-------
  Melee: Unarmed           |    71 |   121 |   124 ||   316
         Tailslap          |     4 |    10 |    18 ||    32
         Punch             |     3 |     5 |     6 ||    14
    Use: Potion            |       |     2 |     5 ||     7
   Stab: Sleeping          |     1 |       |       ||     1
         Distracted        |       |     1 |       ||     1
         Held in net/web   |       |       |     1 ||     1
 Armour: Skin              |    50 |    63 |    65 ||   178
  Dodge: Dodged            |    54 |    59 |    56 ||   169

Table legend: (Time is in decaauts)
 A = Elapsed time spent in this place.
 B = Non-inter-level travel time spent in this place.
 C = Inter-level travel time spent in this place.
 D = Time resting spent in this place.
 E = Time spent auto-exploring this place.
 F = Levels seen in this place.
 G = Mean time per level.
                   A        B        C        D        E       F      G
               +--------+--------+--------+--------+--------+-----+--------+
         Total |   4889 |   4569 |    320 |    235 |   3700 |   6 |  814.8 |
       Dungeon |   4889 |   4569 |    320 |    235 |   3700 |   6 |  814.8 |
               +--------+--------+--------+--------+--------+-----+--------+

Top non-repeatable levels by time:
     D:4: 1045 daAuts
     D:5: 1011 daAuts
     D:1: 1000 daAuts
     D:3: 888 daAuts
     D:2: 806 daAuts
     D:6: 137 daAuts
